 Dungeon Crawl Stone Soup version 0.30.0-20-g3615ddf2f0 (webtiles) character file.

Game seed: 1398956661462675715

181560 qw the Severer (level 18, -27/117 HPs)
             Began as a Gargoyle Fighter on May 28, 2023.
             Was a Priest of Okawaru.
             Annihilated by a five-headed hydra simulacrum (29 damage)
             ... on level 4 of the Swamp.
             The game lasted 00:20:49 (30309 turns).

qw the Severer (Gargoyle Fighter)                  Turns: 30309, Time: 00:20:49

Health: -27/117    AC: 53    Str: 28    XL:     18   Next: 31%
Magic:  23/25      EV: 17    Int: 12    God:    Okawaru [***...]
Gold:   993        SH: 27    Dex: 13    Spells: 17/17 levels left

rFire   + . .        F - +4 broad axe (vamp)
rCold   . . .        H - +0 tower shield
rNeg    + + .        i - +6 plate armour
rPois   inf          A - +0 mask of the Dragon {Will+ Slay+3 SInv}
rElec   +            y - +2 ratskin cloak {*Rats rPois rN+ Str-1 Int-1 Dex+1}
rCorr   .            g - +2 pair of gloves
SInv    +            t - +2 pair of boots
Will    ++...        h - amulet of reflection Stlth
                     c - ring "Baffitomn" {AC+4 Str+4}
HPRegen 0.39/turn    o - +5 ring of evasion
MPRegen 0.19/turn

%: reflection
@: about to teleport, heroic, flying
A: sickness immunity, AC +13, big wings, negative energy resistance 1,
electricity resistance, torment resistance 1, petrification resistance, agile 1,
clever 1, fire resistance 1
a: Renounce Religion, Heroism


You were on level 4 of the Swamp.
You worshipped Okawaru.
Okawaru was most pleased with you.
You visited 6 branches of the dungeon, and saw 30 of its levels.

You collected 3871 gold pieces.
You spent 2878 gold pieces at shops.


Innate Abilities, Weirdness & Mutations

You are immune to sickness and miasma.
Your stone body is resilient. (AC +13)
You are immune to poison.
Your large and strong wings let you fly.
You resist negative energy. (rN+)
You are resistant to electric shocks. (rElec)
You are resistant to unholy torment.
You are immune to petrification.
You are agile. (Dex +4, Str/Int -1)
Your mind is acute. (Int +4, Str/Dex -1)
Your flesh is heat resistant. (rF+)


   Skills:
 - Level 14.6(19.6) Fighting
 - Level 18.0(23.0) Axes
 - Level 7.0(12.0) Throwing
 - Level 14.0(19.0) Armour
 - Level 5.0(10.0) Dodging
 + Level 16.4(21.4) Shields
 - Level 10.0 Invocations


You had 17 spell levels left.
You didn't know any spells.
Your spell library was empty.

Inventory:

Hand Weapons
 F - a +4 vampiric broad axe (weapon)
Missiles
 f - 4 silver boomerangs (quivered)
 q - 39 boomerangs
 D - 2 boomerangs of dispersal
Armour
 e - +0 acid dragon scales
 g - a +2 pair of gloves (worn)
 i - a +6 plate armour (worn)
 j - a +2 helmet
 t - a +2 pair of boots (worn)
 w - the scarf of Oblivion {harm, rF+ Str+2 Slay-2 Stlth+}
   (You acquired it on level 3 of the Lair of Beasts)

   Str:       It affects your strength (+2).
   Slay:      It affects your accuracy & damage with ranged weapons and melee
   (-2).
   rF:        It protects you from fire.
   Stlth:     It makes you more stealthy.
 x - +0 ice dragon scales
 y - the +2 ratskin cloak (worn) {*Rats rPois rN+ Str-1 Int-1 Dex+1}
   (You found it on level 7 of the Dungeon)

   *Rats:     When the wearer is hurt, rats may emerge from it to assist them.
   Str:       It affects your strength (-1).
   Int:       It affects your intelligence (-1).
   Dex:       It affects your dexterity (+1).
   rPois:     It protects you from poison.
   rN:        It protects you from negative energy.
 A - the +0 mask of the Dragon (worn) {Will+ Slay+3 SInv}
   (You acquired it on level 2 of the Snake Pit)

   Slay:      It affects your accuracy & damage with ranged weapons and melee
   (+3).
   SInv:      It lets you see invisible.
   Will:      It increases your willpower.
 H - a +0 tower shield (worn)
Jewellery
 c - the ring "Baffitomn" (left hand) {AC+4 Str+4}
   (You found it on level 14 of the Dungeon)

   [ring of protection]

   AC:        It affects your AC (+4).
   Str:       It affects your strength (+4).
 h - an amulet of reflection (around neck)
 o - a +5 ring of evasion (right hand)
 C - a ring of resist corrosion
 G - the ring "Wikkuput" {Drain rElec rF+ Int+7 SInv}
   (You found it on level 2 of the Dungeon)

   [ring of protection from fire]

   Int:       It affects your intelligence (+7).
   rF:        It protects you from fire.
   rElec:     It insulates you from electricity.
   SInv:      It lets you see invisible.
   Drain:     It drains your maximum health when unequipped.
 Y - the ring "Zakkith" {Fly rC+ rN+}
   (You bought it in a shop on level 13 of the Dungeon)

   [ring of flight]

   rC:        It protects you from cold.
   rN:        It protects you from negative energy.
   Fly:       It grants you flight.
Wands
 E - a wand of digging (3)
Scrolls
 a - 13 scrolls of identify
 l - 2 scrolls of brand weapon
 p - 7 scrolls of teleportation
Potions
 b - 6 potions of mutation
 d - 7 potions of might
 k - 6 potions of haste
 m - a potion of cancellation
 n - 10 potions of lignification
 r - 11 potions of curing
 s - 5 potions of attraction
 u - 6 potions of magic
 v - 3 potions of resistance
 B - 4 potions of heal wounds

Dungeon Overview and Level Annotations

Branches:
Dungeon (15/15)            Temple (1/1) D:4            Lair (5/5) D:11
  Swamp (4/4) Lair:2        Snake (3/4) Lair:2        Slime (0/5) Lair:5
    Orc (2/2) D:11            Elf (0/3) Orc:2        Vaults (0/5) D:14
 Depths (0/4) D:15

Altars:
Ashenzari
Cheibriados
Dithmenos
Elyvilon
Fedhas
Gozag
Hepliaklqana
Kikubaaqudgha
Makhleb
Nemelex Xobeh
Okawaru
Qazlal
Ru
Sif Muna
Trog
Uskayaw
Vehumet
Wu Jian
Xom
Yredelemnul
Zin
The Shining One

Shops:
D:1 [   D:7 !   D:9 :   D:11 *   D:13 =   Orc:2 [*!:([(   Snake:1 *

Annotations:
D:5 1 runed translucent door, Crazy Yiuf
Swamp:1 2 transporters


Message History

30307 ||| READING 8 scrolls of teleportation.
As you read the scroll of teleportation, it crumbles to dust.
You feel strangely unstable.
The ice dragon is engulfed in freezing vapours.
You block the ice dragon's attack. x2; The ice dragon completely misses you.
You block the five-headed hydra simulacrum's attack.
The five-headed hydra simulacrum bites you but does no damage.
You block the five-headed hydra simulacrum's attack.
The five-headed hydra simulacrum bites you but does no damage. x2
30308 ||| DRINKING 6 potions of heal wounds.
You feel much better. The ice dragon breathes frost at you.
The blast of cold hits you but does no damage.
Enter note:
Enter note:
Enter note:
Enter note:
Enter note:
Enter note:
Enter note:
Enter note:
Enter note:
Enter note:
Enter note:
Enter note:
Enter note:
Enter note:
Enter note:
30309 ||| DRINKING 5 potions of heal wounds.
You feel much better. The ice dragon completely misses you.
You block the ice dragon's attack.
The ice dragon tramples you but does no damage.
The five-headed hydra simulacrum misses you.
The five-headed hydra simulacrum barely misses you.
The five-headed hydra simulacrum bites you.
The five-headed hydra simulacrum freezes you!!
The five-headed hydra simulacrum bites you but does no damage.
The five-headed hydra simulacrum bites you.
The five-headed hydra simulacrum freezes you!!
You die...

##7.##77~~~7.7~.:...
#[..##7~~~777.7~....
###..#7~~77 77.~7...
##..##77777777.~...~
#..7# 77~~...~..~
#..# 77~~.....~..
#..# 7~~~~.......
#..## 77~~~~.....~
##.@# 77~~~~~.~~7
##DZ# 77~~~~~~~7
#7Z# 777~~~~77


ZDZ 777777 ~~.0 000.0 0~000 00000~ You could see 2 ice dragons, an eight-headed
hydra simulacrum, a six-headed hydra simulacrum and a five-headed hydra
simulacrum.

Vanquished Creatures
  Jorgrun (D:14)
  A tentacled monstrosity (Swamp:3)
  3 thorn hunters
  2 fenstrider witches
  Donald (Orc:2)
  2 azure jellies (Swamp:4)
  Aizul (Swamp:4)
  4 orc warlords (Orc:2)
  2 ghouls (Swamp:3)
  2 eleionomae
  A bunyip (Swamp:4)
  Azrael (D:14)
  A fire dragon (Lair:5)
  Fannar (D:11)
  4 vault guards (D:14)
  A rakshasa (D:15)
  A salamander tyrant (Snake:3)
  5 ghost crabs
  14 hydras
  2 ice dragons (D:15)
  A spriggan air mage (Swamp:4)
  6 anacondas
  A centaur warrior (D:13)
  2 catoblepae
  7 alligators
  A tengu warrior (D:14)
  2 boulder beetles
  9 naga warriors
  2 two-headed ogres
  13 death yaks
  An orc high priest (Orc:2)
  8 naga sharpshooters
  Urug (Lair:4)
  5 shock serpents
  A skyshark (Lair:4)
  2 salamander mystics (Snake:3)
  3 goliath frogs
  3 spriggan druids
  7 swamp dragons
  3 steelbarb worms (Swamp:3)
  5 naga ritualists
  7 bog bodies
  A wizard (D:14)
  A wolf spider zombie (D:12)
  6 mana vipers
  2 deep elf pyromancers
  11 orc sorcerers
  2 orc knights
  An oklob plant (Lair:5)
  6 cyclopes
  3 manticores
  3 will-o-the-wisps
  20 ugly things
  8 salamanders
  3 centaur zombies (D:12)
  22 slime creatures
  Maurice (D:13)
  23 black mambas
  A guardian serpent (Snake:3)
  2 gargoyles
  11 naga magi
  12 cane toads
  16 elephants
  4 unseen horrors
  2 efreet (D:14)
  11 komodo dragons
  5 freezing wraiths
  7 kobold demonologists
  6 rime drakes
  2 tengu conjurers
  4 meliai (D:11)
  A queen bee (D:11)
  5 trolls
  14 tyrant leeches
  A bloated husk (Swamp:4)
  8 hornets
  A polar bear (Lair:3)
  22 blink frogs
  2 shadows
  4 vampires (D:12)
  Sigmund (D:5)
  10 spriggans
  5 wraiths
  2 fire elementals (D:14)
  13 yaks
  6 basilisks
  5 wyverns
  2 steam dragons
  10 vampire mosquitoes
  A swamp worm simulacrum (Swamp:4)
  4 wargs
  3 acid dragons
  23 swamp worms
  4 hell hounds (D:14)
  11 hydra simulacra (Swamp:4)
  8 water moccasins
  24 nagas
  4 swamp drakes
  53 orc warriors
  2 ice beasts
  3 black bears
  5 ogres
  5 boggarts
  6 wolves (Lair:2)
  9 centaurs
  A phantom (D:5)
  5 kobold brigands
  8 bullfrogs
  A scorpion (Lair:2)
  2 earth elementals (Swamp:4)
  12 wights
  29 killer bees
  5 howler monkeys
  23 orc priests
  2 hounds
  Jessica (D:2)
  A gnoll bouda (D:7)
  4 iguanas
  A sleepcap (D:8)
  9 hell rats
  Natasha (twice) (D:2)
  31 orc wizards
  6 adders
  16 gnolls
  25 river rats
  A shadow imp (D:5)
  13 white imps
  7 swamp drake simulacra (Swamp:4)
  3 worms
  3 dart slugs
  123 orcs
  8 ball pythons
  8 endoplasms
  4 giant cockroaches
  7 goblins
  9 hobgoblins
  13 jackals
  24 kobolds
  6 quokkas
  5 bats
  6 frilled lizards
  5 rats
1042 creatures vanquished.

Vanquished Creatures (others)
  A goliath frog (Swamp:2)
  A will-o-the-wisp (Swamp:4)
  A black mamba (Snake:2)
  2 bloated husks (Swamp:4)
  A hornet (Swamp:4)
  A spriggan (Swamp:4)
  An orc wizard (Orc:2)
  An orc (Orc:1)
  6 foxfires
15 creatures vanquished.

Grand Total: 1057 creatures vanquished

Notes
Turn   | Place    | Note
-------+----------+-------------------------------------------
     0 | D:1      | qw the Gargoyle Fighter began the quest for the Orb.
     0 | D:1      | Reached XP level 1. HP: 14/14 MP: 1/1
     0 | D:1      | 0 ||| qw: Version: 0.2-a-100-g4e38944
     0 | D:1      | 0 ||| qw: Game counter: 207
     0 | D:1      | 0 ||| qw: Always use a shield: true
     0 | D:1      | 0 ||| qw: God list: Okawaru
     0 | D:1      | 0 ||| qw: Allow faded altars: false
     0 | D:1      | 0 ||| qw: Do Orc after D:15 true
     0 | D:1      | 0 ||| qw: Do second Lair branch before Depths: true
     0 | D:1      | 0 ||| qw: Lair rune preference: random
     0 | D:1      | 0 ||| qw: Plans: Normal, Zot:1-4, God:TSO, Crypt, Tomb,
                  | Pan, Slime:5, Hells, Abyss, Win
     0 | D:1      | 0 ||| PLANNING D:1-11
    64 | D:1      | Reached skill level 2 in Axes
    96 | D:1      | Reached XP level 2. HP: 19/19 MP: 2/2
   138 | D:1      | 138 ||| UPGRADING to +0 chain mail.
   148 | D:1      | 148 ||| DROPPING +0 scale mail.
   246 | D:1      | 246 ||| READING scroll labelled UFRACL BEYDGHO.
   270 | D:1      | 270 ||| Stepping ~*~*~tactically~*~*~ (water).
   457 | D:1      | Reached skill level 3 in Axes
   476 | D:1      | Reached XP level 3. HP: 23/23 MP: 3/3
   707 | D:1      | Found Keitzuni's Armour Shop.
   782 | D:1      | 782 ||| SHOPLISTING +0 helmet (49 gold, have 17).
   782 | D:1      | 782 ||| SHOPLISTING +0 plate armour (253 gold, have 17).
   782 | D:1      | 782 ||| SHOPLISTING +1 chain mail of willpower (181 gold,
                  | have 17).
   782 | D:1      | 782 ||| SHOPLISTING +3 pair of gloves of the Gloaming {rC+
                  | Will+ Str-3} (360 gold, have 17).
   875 | D:1      | 875 ||| READING scroll labelled GIQELI IT COS.
   876 | D:1      | 876 ||| READING 3 scrolls of identify.
   876 | D:1      | 876 ||| IDENTIFYING dark potion
   877 | D:1      | 877 ||| DROPPING potion of berserk rage.
   994 | D:2      | Reached XP level 4. HP: 21/28 MP: 4/4
   996 | D:2      | Reached skill level 4 in Axes
   997 | D:2      | HP: 6/28 [gnoll/+0 spear (5)]
  1180 | D:2      | Noticed Jessica
  1181 | D:2      | 1181 ||| Stepping ~*~*~tactically~*~*~ (hiding).
  1188 | D:2      | Killed Jessica
  1302 | D:2      | Reached XP level 5. HP: 32/32 MP: 5/5
  1389 | D:2      | 1389 ||| Stepping ~*~*~tactically~*~*~ (stealth).
  1533 | D:2      | Found a faded altar of an unknown god.
  1680 | D:2      | Noticed Natasha
  1681 | D:2      | 1681 ||| Stepping ~*~*~tactically~*~*~ (hiding).
  1686 | D:2      | Killed Natasha
  1687 | D:2      | Reached skill level 5 in Axes
  1736 | D:2      | Noticed Natasha
  1745 | D:2      | Killed Natasha
  1750 | D:2      | Identified the +2 leather armour of Qeraofat {Str+4}
  1753 | D:2      | Identified the ring "Wikkuput" {Drain rElec rF+ Int+7 SInv}
  2007 | D:2      | 2007 ||| UPGRADING to +5 ring of evasion.
  2008 | D:2      | 2008 ||| UPGRADING to ring "Wikkuput" {Drain rElec rF+
                  | Int+7 SInv}.
  2009 | D:2      | 2009 ||| READING scroll labelled BIMPOD ICRITT.
  2010 | D:2      | 2010 ||| READING scroll labelled HIKHUR UGAU.
  2011 | D:2      | 2011 ||| READING scroll labelled PUFUNONKURGH.
  2012 | D:2      | 2012 ||| READING scroll labelled GUEKHLI GAISK.
  2016 | D:2      | 2016 ||| READING scroll labelled IZIENW TUFIVU.
  2017 | D:2      | 2017 ||| DRINKING 2 viscous silvery potions.
  2017 | D:2      | Gained mutation: You are agile. (Dex +4, Str/Int -1)
                  | [potion of mutation]
  2017 | D:2      | Gained mutation: Your mind is acute. (Int +4, Str/Dex -1)
                  | [potion of mutation]
  2017 | D:2      | Gained mutation: Your flesh is heat resistant. (rF+)
                  | [potion of mutation]
  2018 | D:2      | 2018 ||| READING 3 scrolls of identify.
  2018 | D:2      | 2018 ||| IDENTIFYING sedimented ruby potion
  2019 | D:2      | 2019 ||| READING 2 scrolls of identify.
  2019 | D:2      | 2019 ||| IDENTIFYING grey potion
  2071 | D:3      | 2071 ||| Stepping ~*~*~tactically~*~*~ (hiding).
  2350 | D:3      | Reached skill level 1 in Dodging
  2391 | D:3      | Reached XP level 6. HP: 38/38 MP: 6/6
  2739 | D:3      | Found Saduharph's Distillery.
  2897 | D:3      | 2897 ||| UPGRADING to +0 pair of gloves.
  2902 | D:3      | 2902 ||| UPGRADING to amulet of reflection.
  3007 | D:4      | 3007 ||| Stepping ~*~*~tactically~*~*~ (stealth).
  3027 | D:4      | Found a stormy altar of Qazlal.
  3060 | D:4      | 3060 ||| Stepping ~*~*~tactically~*~*~ (stealth).
  3065 | D:4      | 3065 ||| Stepping ~*~*~tactically~*~*~ (hiding).
  3067 | D:4      | 3067 ||| Stepping ~*~*~tactically~*~*~ (hiding).
  3069 | D:4      | 3069 ||| Stepping ~*~*~tactically~*~*~ (hiding).
  3070 | D:4      | 3070 ||| Stepping ~*~*~tactically~*~*~ (hiding).
  3085 | D:4      | 3085 ||| FLEEEEING.
  3086 | D:4      | 3086 ||| FLEEEEING.
  3087 | D:4      | 3087 ||| FLEEEEING.
  3090 | D:4      | 3090 ||| STAIRDANCE
  3121 | D:3      | 3121 ||| UPGRADING to +0 helmet.
  3126 | D:3      | 3126 ||| DROPPING ring of magical power.
  3323 | D:4      | Noticed a black bear
  3333 | D:4      | Killed a black bear
  3334 | D:4      | Reached skill level 6 in Axes
  3334 | D:4      | Reached XP level 7. HP: 29/43 MP: 7/7
  3791 | D:4      | Found a staircase to the Ecumenical Temple.
  3792 | D:4      | 3792 ||| PLANNING TEMPLE
  3792 | D:4      | 3792 ||| READING scroll labelled HELEVU GUIMACS.
  3793 | D:4      | 3793 ||| READING 5 scrolls of identify.
  3793 | D:4      | 3793 ||| IDENTIFYING glowing silvery potion
  3794 | D:4      | 3794 ||| READING 4 scrolls of identify.
  3794 | D:4      | 3794 ||| IDENTIFYING cyan potion
  3795 | D:4      | 3795 ||| READING 3 scrolls of identify.
  3795 | D:4      | 3795 ||| IDENTIFYING fizzy white potion
  3796 | D:4      | 3796 ||| DROPPING potion of invisibility.
  3797 | D:4      | 3797 ||| DROPPING potion of brilliance.
  3803 | Temple   | Entered the Ecumenical Temple
  3842 | Temple   | 3842 ||| PLANNING OKAWARU WORSHIP
  3892 | Temple   | Became a worshipper of Warmaster Okawaru
  3892 | Temple   | 3892 ||| PLANNING D:1-11
  3973 | D:5      | Entered Level 5 of the Dungeon
  3989 | D:5      | Found an opulent altar of Gozag.
  4005 | D:5      | Noticed Sigmund
  4006 | D:5      | 4006 ||| Stepping ~*~*~tactically~*~*~ (hiding).
  4007 | D:5      | 4007 ||| Stepping ~*~*~tactically~*~*~ (hiding).
  4019 | D:5      | Killed Sigmund
  4031 | D:5      | 4031 ||| Stepping ~*~*~tactically~*~*~ (stealth).
  4040 | D:5      | Reached skill level 7 in Axes
  4124 | D:5      | 4124 ||| READING scroll of enchant armour.
  4124 | D:5      | 4124 ||| ENCHANTING +0 pair of gloves.
  4130 | D:5      | 4130 ||| Stepping ~*~*~tactically~*~*~ (stealth).
  4131 | D:5      | 4131 ||| Stepping ~*~*~tactically~*~*~ (stealth).
  4133 | D:5      | 4133 ||| Stepping ~*~*~tactically~*~*~ (hiding).
  4134 | D:5      | 4134 ||| Stepping ~*~*~tactically~*~*~ (hiding).
  4136 | D:5      | 4136 ||| Stepping ~*~*~tactically~*~*~ (hiding).
  4231 | D:5      | 4231 ||| Stepping ~*~*~tactically~*~*~ (hiding).
  4334 | D:5      | Found a broken altar of Ashenzari.
  4366 | D:5      | 4366 ||| READING 3 scrolls of enchant armour.
  4366 | D:5      | 4366 ||| ENCHANTING +1 pair of gloves.
  4367 | D:5      | 4367 ||| READING 2 scrolls of enchant armour.
  4367 | D:5      | 4367 ||| ENCHANTING +0 helmet.
  4368 | D:5      | 4368 ||| READING scroll of enchant armour.
  4368 | D:5      | 4368 ||| ENCHANTING +1 helmet.
  4395 | D:5      | Found a runed translucent door.
  4396 | D:5      | Noticed Crazy Yiuf
  4511 | D:5      | Reached * piety under Okawaru
  4788 | D:5      | 4788 ||| READING 3 scrolls labelled YRAHIO ZICIBLE.
  4889 | D:5      | 4889 ||| READING 3 scrolls of identify.
  4889 | D:5      | 4889 ||| IDENTIFYING clear potion
  4890 | D:5      | 4890 ||| DROPPING 2 scrolls of silence.
  4891 | D:5      | 4891 ||| DROPPING potion of degeneration.
  4915 | D:6      | 4915 ||| PLANNING OSSUARY
  4915 | D:6      | 4915 ||| Stepping ~*~*~tactically~*~*~ (hiding).
  5024 | D:6      | 5024 ||| INVOKING Heroism.
  5034 | D:6      | Reached skill level 1 in Throwing
  5034 | D:6      | Reached skill level 1 in Invocations
  5034 | D:6      | Reached XP level 8. HP: 45/49 MP: 5/9
  5151 | D:6      | 5151 ||| Stepping ~*~*~tactically~*~*~ (hiding).
  5300 | D:6      | Reached skill level 3 in Invocations
  5334 | D:6      | 5334 ||| Stepping ~*~*~tactically~*~*~ (hiding).
  5339 | D:6      | 5339 ||| INVOKING Heroism.
  5342 | D:6      | 5342 ||| Stepping ~*~*~tactically~*~*~ (hiding).
  5356 | D:6      | 5356 ||| Stepping ~*~*~tactically~*~*~ (stealth).
  5357 | D:6      | 5357 ||| Stepping ~*~*~tactically~*~*~ (stealth).
  5361 | D:6      | 5361 ||| INVOKING Heroism.
  5378 | D:6      | Found an ornate altar of the Wu Jian Council.
  5415 | D:6      | Found a shimmering altar of Xom.
  5603 | D:6      | 5603 ||| RIP OSSUARY
  5708 | D:6      | 5708 ||| PLANNING D:1-11
  5884 | D:6      | 5884 ||| UPGRADING to +0 cloak.
  5889 | D:6      | 5889 ||| DROPPING +1 hat.
  5890 | D:6      | 5890 ||| READING scroll of enchant armour.
  5890 | D:6      | 5890 ||| ENCHANTING +0 cloak.
  5891 | D:6      | 5891 ||| READING scroll labelled LICONE BEOCU.
  5892 | D:6      | 5892 ||| READING scroll labelled OSUCKUQAPS.
  5893 | D:6      | 5893 ||| READING scroll labelled YDIOZ JIUZ.
  5894 | D:6      | 5894 ||| READING 3 scrolls of identify.
  5894 | D:6      | 5894 ||| IDENTIFYING lumpy dark potion
  5895 | D:6      | 5895 ||| DROPPING potion of flight.
  5936 | D:7      | 5936 ||| INVOKING Heroism.
  6015 | D:7      | Noticed a hornet
  6034 | D:7      | 6034 ||| INVOKING Heroism.
  6035 | D:7      | Killed a hornet
  6036 | D:7      | Reached skill level 8 in Axes
  6109 | D:7      | 6109 ||| Stepping ~*~*~tactically~*~*~ (stealth).
  6111 | D:7      | 6111 ||| Stepping ~*~*~tactically~*~*~ (stealth).
  6113 | D:7      | 6113 ||| Stepping ~*~*~tactically~*~*~ (stealth).
  6116 | D:7      | 6116 ||| Stepping ~*~*~tactically~*~*~ (hiding).
  6118 | D:7      | 6118 ||| Stepping ~*~*~tactically~*~*~ (hiding).
  6120 | D:7      | 6120 ||| Stepping ~*~*~tactically~*~*~ (hiding).
  6121 | D:7      | 6121 ||| Stepping ~*~*~tactically~*~*~ (hiding).
  6124 | D:7      | 6124 ||| INVOKING Heroism.
  6137 | D:7      | Reached XP level 9. HP: 41/54 MP: 10/12
  6189 | D:7      | Found Qiseush's Distillery.
  6194 | D:7      | 6194 ||| Stepping ~*~*~tactically~*~*~ (hiding).
  6198 | D:7      | 6198 ||| INVOKING Heroism.
  6208 | D:7      | Reached skill level 6 in Fighting
  6224 | D:7      | 6224 ||| BUYING potion of attraction (33 gold).
  6224 | D:7      | Bought a potion of attraction for 33 gold pieces
  6224 | D:7      | 6224 ||| BUYING potion of curing (33 gold).
  6224 | D:7      | Bought a potion of curing for 33 gold pieces
  6224 | D:7      | 6224 ||| BUYING potion of heal wounds (55 gold).
  6224 | D:7      | Bought a potion of heal wounds for 55 gold pieces
  6224 | D:7      | 6224 ||| BUYING potion of magic (88 gold).
  6224 | D:7      | Bought a potion of magic for 88 gold pieces
  6224 | D:7      | 6224 ||| BUYING potion of resistance (110 gold).
  6224 | D:7      | Bought a potion of resistance for 110 gold pieces
  6237 | D:7      | 6237 ||| Stepping ~*~*~tactically~*~*~ (hiding).
  6288 | D:7      | 6288 ||| READING scroll of enchant weapon.
  6288 | D:7      | 6288 ||| ENCHANTING +1 war axe.
  6425 | D:7      | 6425 ||| SWAPPING to +3 war axe.
  6426 | D:7      | 6426 ||| DROPPING +2 war axe.
  6430 | D:7      | 6430 ||| Stepping ~*~*~tactically~*~*~ (stealth).
  6431 | D:7      | 6431 ||| Stepping ~*~*~tactically~*~*~ (stealth).
  6459 | D:7      | Reached skill level 9 in Axes
  6475 | D:7      | 6475 ||| DRINKING 3 potions of curing.
  6475 | D:7      | 6475 ||| (to cure confusion)
  6628 | D:7      | 6628 ||| Stepping ~*~*~tactically~*~*~ (stealth).
  6654 | D:7      | Reached ** piety under Okawaru
  6655 | D:7      | Found the +2 ratskin cloak {*Rats rPois rN+ Str-1 Int-1
                  | Dex+1}
  6750 | D:7      | 6750 ||| UPGRADING to +2 ratskin cloak {*Rats rPois rN+
                  | Str-1 Int-1 Dex+1}.
  6760 | D:7      | 6760 ||| DROPPING +1 cloak.
  6761 | D:7      | 6761 ||| DROPPING amulet of faith.
  6779 | D:8      | 6779 ||| Stepping ~*~*~tactically~*~*~ (stealth).
  6781 | D:8      | 6781 ||| Stepping ~*~*~tactically~*~*~ (hiding).
  6787 | D:8      | 6787 ||| DRINKING 2 potions of curing.
  6787 | D:8      | 6787 ||| (to cure confusion)
  6797 | D:8      | 6797 ||| INVOKING Heroism.
  6800 | D:8      | 6800 ||| Stepping ~*~*~tactically~*~*~ (hiding).
  6804 | D:8      | 6804 ||| Stepping ~*~*~tactically~*~*~ (hiding).
  6827 | D:8      | 6827 ||| Stepping ~*~*~tactically~*~*~ (stealth).
  6937 | D:8      | 6937 ||| Stepping ~*~*~tactically~*~*~ (hiding).
  6938 | D:8      | 6938 ||| Stepping ~*~*~tactically~*~*~ (hiding).
  6939 | D:8      | 6939 ||| Stepping ~*~*~tactically~*~*~ (hiding).
  7106 | D:8      | 7106 ||| Stepping ~*~*~tactically~*~*~ (stealth).
  7168 | D:8      | 7168 ||| Stepping ~*~*~tactically~*~*~ (hiding).
  7173 | D:8      | 7173 ||| INVOKING Heroism.
  7536 | D:8      | Noticed a two-headed ogre
  7537 | D:8      | 7537 ||| INVOKING Heroism.
  7546 | D:8      | Killed a two-headed ogre
  7547 | D:8      | Reached skill level 10 in Axes
  7547 | D:8      | Reached XP level 10. HP: 31/63 MP: 11/13
  7655 | D:8      | 7655 ||| UPGRADING to +0 plate armour.
  7665 | D:8      | 7665 ||| DROPPING +0 chain mail.
  7666 | D:8      | 7666 ||| READING scroll of enchant armour.
  7666 | D:8      | 7666 ||| ENCHANTING +0 plate armour.
  7724 | D:9      | Identified the +7 falchion "qw's Foe" {flame, Stlth+}
  7761 | D:9      | 7761 ||| Stepping ~*~*~tactically~*~*~ (stealth).
  7763 | D:9      | 7763 ||| Stepping ~*~*~tactically~*~*~ (hiding).
  7768 | D:9      | 7768 ||| INVOKING Heroism.
  7860 | D:9      | 7860 ||| READING scroll of enchant weapon.
  7860 | D:9      | 7860 ||| ENCHANTING +3 war axe.
  7930 | D:9      | Reached skill level 6 in Armour
  7936 | D:9      | Noticed a two-headed ogre
  7937 | D:9      | 7937 ||| INVOKING Heroism.
  7948 | D:9      | Killed a two-headed ogre
  7986 | D:9      | Found a hide-covered altar of Uskayaw.
  8023 | D:9      | Noticed a manticore
  8024 | D:9      | 8024 ||| INVOKING Heroism.
  8033 | D:9      | Killed a manticore
  8039 | D:9      | 8039 ||| INVOKING Heroism.
  8120 | D:9      | Found a radiant altar of Vehumet.
  8146 | D:9      | 8146 ||| Stepping ~*~*~tactically~*~*~ (hiding).
  8147 | D:9      | 8147 ||| Stepping ~*~*~tactically~*~*~ (hiding).
  8148 | D:9      | 8148 ||| Stepping ~*~*~tactically~*~*~ (hiding).
  8475 | D:9      | Reached *** piety under Okawaru
  8533 | D:9      | Found a burning altar of Makhleb.
  8539 | D:9      | Found Woileatz's Book Emporium.
  8619 | D:9      | 8619 ||| INVOKING Heroism.
  8735 | D:10     | Entered Level 10 of the Dungeon
  8770 | D:10     | Found a sacrificial altar of Ru.
  8780 | D:10     | 8780 ||| INVOKING Heroism.
  8926 | D:10     | 8926 ||| Stepping ~*~*~tactically~*~*~ (hiding).
  9025 | D:10     | 9025 ||| INVOKING Heroism.
  9028 | D:10     | Reached XP level 11. HP: 68/68 MP: 11/14
  9045 | D:10     | Reached skill level 11 in Axes
  9056 | D:10     | 9056 ||| INVOKING Heroism.
  9272 | D:10     | Found a sparkling altar of Nemelex Xobeh.
  9374 | D:11     | Found a broken altar of Ashenzari.
  9453 | D:11     | Identified the +1 ring mail "Jiymilot" {rF++ Dex+2 Stlth-}
  9536 | D:11     | 9536 ||| Stepping ~*~*~tactically~*~*~ (stealth).
  9540 | D:11     | 9540 ||| Stepping ~*~*~tactically~*~*~ (hiding).
  9542 | D:11     | 9542 ||| Stepping ~*~*~tactically~*~*~ (hiding).
  9543 | D:11     | 9543 ||| Stepping ~*~*~tactically~*~*~ (hiding).
  9556 | D:11     | Reached skill level 9 in Fighting
  9567 | D:11     | 9567 ||| Stepping ~*~*~tactically~*~*~ (hiding).
  9635 | D:11     | 9635 ||| Stepping ~*~*~tactically~*~*~ (hiding).
  9636 | D:11     | 9636 ||| Stepping ~*~*~tactically~*~*~ (hiding).
  9639 | D:11     | 9639 ||| Stepping ~*~*~tactically~*~*~ (hiding).
  9674 | D:11     | 9674 ||| READING scroll of enchant armour.
  9674 | D:11     | 9674 ||| ENCHANTING +1 plate armour.
  9712 | D:11     | Noticed a death yak
  9713 | D:11     | 9713 ||| INVOKING Heroism.
  9723 | D:11     | Killed a death yak
  9724 | D:11     | Reached skill level 9 in Armour
  9729 | D:11     | Noticed a death yak
  9732 | D:11     | 9732 ||| Stepping ~*~*~tactically~*~*~ (stealth).
  9733 | D:11     | 9733 ||| INVOKING Heroism.
  9739 | D:11     | Noticed a death yak
  9742 | D:11     | Killed a death yak
  9749 | D:11     | 9749 ||| INVOKING Heroism.
  9753 | D:11     | Killed a death yak
  9770 | D:11     | Reached **** piety under Okawaru
  9771 | D:11     | Reached skill level 12 in Axes
  9790 | D:11     | Found a staircase to the Lair.
  9821 | D:11     | 9821 ||| Stepping ~*~*~tactically~*~*~ (stealth).
  9843 | D:11     | 9843 ||| INVOKING Heroism.
  9858 | D:11     | 9858 ||| Stepping ~*~*~tactically~*~*~ (stealth).
  9883 | D:11     | Reached skill level 6 in Shields
  9912 | D:11     | 9912 ||| Stepping ~*~*~tactically~*~*~ (stealth).
  9915 | D:11     | 9915 ||| Stepping ~*~*~tactically~*~*~ (stealth).
  9972 | D:11     | 9972 ||| Stepping ~*~*~tactically~*~*~ (stealth).
  9973 | D:11     | 9973 ||| INVOKING Heroism.
  9994 | D:11     | 9994 ||| INVOKING Heroism.
 10008 | D:11     | 10008 ||| FLEEEEING.
 10009 | D:11     | 10009 ||| FLEEEEING.
 10011 | D:11     | 10011 ||| FLEEEEING.
 10012 | D:11     | 10012 ||| FLEEEEING.
 10013 | D:11     | 10013 ||| FLEEEEING.
 10015 | D:11     | 10015 ||| FLEEEEING.
 10016 | D:11     | 10016 ||| FLEEEEING.
 10017 | D:11     | 10017 ||| FLEEEEING.
 10019 | D:11     | 10019 ||| FLEEEEING.
 10020 | D:11     | 10020 ||| FLEEEEING.
 10021 | D:11     | 10021 ||| FLEEEEING.
 10022 | D:11     | 10022 ||| FLEEEEING.
 10023 | D:11     | 10023 ||| FLEEEEING.
 10024 | D:11     | 10024 ||| FLEEEEING.
 10025 | D:11     | 10025 ||| FLEEEEING.
 10026 | D:11     | 10026 ||| FLEEEEING.
 10027 | D:11     | 10027 ||| INVOKING Heroism.
 10162 | D:11     | Noticed a cyan ugly thing
 10165 | D:11     | 10165 ||| INVOKING Heroism.
 10178 | D:11     | Noticed a cyclops
 10180 | D:11     | Killed a cyan ugly thing
 10181 | D:11     | Reached XP level 12. HP: 27/77 MP: 14/16
 10188 | D:11     | Reached skill level 6 in Invocations
 10197 | D:11     | 10197 ||| INVOKING Heroism.
 10198 | D:11     | HP: 16/77 [wyvern (9)]
 10199 | D:11     | 10199 ||| READING 4 scrolls of teleportation.
 10200 | D:11     | 10200 ||| DRINKING potion of heal wounds.
 10299 | D:11     | 10299 ||| Stepping ~*~*~tactically~*~*~ (stealth).
 10310 | D:11     | Found Keylea's Changing Room.
 10318 | D:11     | 10318 ||| BUYING potion of lignification (48 gold).
 10318 | D:11     | Bought a potion of lignification for 48 gold pieces
 10318 | D:11     | 10318 ||| BUYING potion of lignification (48 gold).
 10318 | D:11     | Bought a potion of lignification for 48 gold pieces
 10318 | D:11     | 10318 ||| BUYING potion of mutation (128 gold).
 10318 | D:11     | Bought a potion of mutation for 128 gold pieces
 10318 | D:11     | 10318 ||| BUYING potion of mutation (128 gold).
 10318 | D:11     | Bought a potion of mutation for 128 gold pieces
 10358 | D:11     | 10358 ||| Stepping ~*~*~tactically~*~*~ (stealth).
 10359 | D:11     | 10359 ||| SWAPPING to +0 broad axe.
 10360 | D:11     | 10360 ||| DROPPING +4 war axe.
 10363 | D:11     | Found a staircase to the Orcish Mines.
 10450 | D:11     | 10450 ||| Stepping ~*~*~tactically~*~*~ (stealth).
 10524 | D:11     | 10524 ||| Stepping ~*~*~tactically~*~*~ (stealth).
 10530 | D:11     | 10530 ||| Stepping ~*~*~tactically~*~*~ (stealth).
 10531 | D:11     | 10531 ||| Stepping ~*~*~tactically~*~*~ (stealth).
 10540 | D:11     | 10540 ||| INVOKING Heroism.
 10570 | D:11     | 10570 ||| Stepping ~*~*~tactically~*~*~ (stealth).
 10601 | D:11     | Noticed Fannar
 10602 | D:11     | 10602 ||| Stepping ~*~*~tactically~*~*~ (stealth).
 10644 | D:11     | 10644 ||| Stepping ~*~*~tactically~*~*~ (hiding).
 10645 | D:11     | 10645 ||| Stepping ~*~*~tactically~*~*~ (hiding).
 10665 | D:11     | 10665 ||| INVOKING Heroism.
 10681 | D:11     | Killed Fannar
 10727 | D:11     | 10727 ||| Stepping ~*~*~tactically~*~*~ (stealth).
 10760 | D:11     | 10760 ||| FLEEEEING.
 10762 | D:11     | 10762 ||| FLEEEEING.
 10763 | D:11     | 10763 ||| FLEEEEING.
 10764 | D:11     | 10764 ||| FLEEEEING.
 10766 | D:11     | 10766 ||| FLEEEEING.
 10767 | D:11     | 10767 ||| FLEEEEING.
 10768 | D:11     | 10768 ||| FLEEEEING.
 10769 | D:11     | 10769 ||| FLEEEEING.
 10770 | D:11     | 10770 ||| FLEEEEING.
 10771 | D:11     | 10771 ||| FLEEEEING.
 10772 | D:11     | 10772 ||| FLEEEEING.
 10773 | D:11     | 10773 ||| FLEEEEING.
 10774 | D:11     | 10774 ||| FLEEEEING.
 10776 | D:11     | 10776 ||| FLEEEEING.
 10777 | D:11     | 10777 ||| FLEEEEING.
 10991 | D:11     | 10991 ||| PLANNING LAIR
 10991 | D:11     | 10991 ||| DROPPING +1 ring mail "Jiymilot" {rF++ Dex+2
                  | Stlth-}.
 11029 | Lair:1   | Entered Level 1 of the Lair of Beasts
 11030 | Lair:1   | 11030 ||| PLANNING GAUNTLET
 11077 | Lair:1   | You fall into a shaft and drop 1 floor!
 11088 | Lair:2   | Reached ***** piety under Okawaru
 11342 | Lair:1   | 11342 ||| READING scroll of enchant armour.
 11342 | Lair:1   | 11342 ||| ENCHANTING +2 plate armour.
 11489 | Lair:1   | 11489 ||| INVOKING Heroism.
 11495 | Lair:1   | Reached skill level 13 in Axes
 11572 | Lair:1   | Reached skill level 9 in Invocations
 11575 | Lair:1   | 11575 ||| INVOKING Heroism.
 11577 | Lair:1   | 11577 ||| RIP GAUNTLET
 11578 | Lair:1   | 11578 ||| PLANNING LAIR
 12058 | Lair:1   | 12058 ||| DROPPING +1 hat of stealth.
 12059 | Lair:1   | 12059 ||| DROPPING ring of positive energy.
 12060 | Lair:1   | 12060 ||| READING scroll labelled UDUQIS QYMOPO.
 12072 | Lair:1   | 12072 ||| READING scroll labelled YQYNIZ ZACVOA.
 12149 | Lair:2   | 12149 ||| READING scroll of enchant armour.
 12149 | Lair:2   | 12149 ||| ENCHANTING +3 plate armour.
 12303 | Lair:2   | Noticed a four-headed hydra
 12304 | Lair:2   | 12304 ||| INVOKING Heroism.
 12305 | Lair:2   | 12305 ||| INVOKING Finesse.
 12310 | Lair:2   | 12310 ||| SWAPPING to +0 morningstar.
 12315 | Lair:2   | Killed a four-headed hydra
 12316 | Lair:2   | 12316 ||| SWAPPING to +0 broad axe of freezing.
 12356 | Lair:2   | Found a staircase to the Snake Pit.
 12376 | Lair:2   | 12376 ||| INVOKING Heroism.
 12474 | Lair:2   | Found a staircase to the Swamp.
 12477 | Lair:2   | 12477 ||| Stepping ~*~*~tactically~*~*~ (hiding).
 12483 | Lair:2   | Received a gift from Okawaru
 12485 | Lair:2   | 12485 ||| Stepping ~*~*~tactically~*~*~ (hiding).
 12486 | Lair:2   | 12486 ||| Stepping ~*~*~tactically~*~*~ (hiding).
 12487 | Lair:2   | 12487 ||| Stepping ~*~*~tactically~*~*~ (hiding).
 12488 | Lair:2   | 12488 ||| Stepping ~*~*~tactically~*~*~ (hiding).
 12491 | Lair:2   | 12491 ||| INVOKING Heroism.
 12499 | Lair:2   | Reached XP level 13. HP: 31/82 MP: 18/20
 12647 | Lair:2   | 12647 ||| READING scroll of enchant weapon.
 12647 | Lair:2   | 12647 ||| ENCHANTING +0 broad axe of freezing.
 12670 | Lair:2   | 12670 ||| Stepping ~*~*~tactically~*~*~ (hiding).
 12742 | Lair:2   | 12742 ||| Stepping ~*~*~tactically~*~*~ (stealth).
 12828 | Lair:2   | 12828 ||| Stepping ~*~*~tactically~*~*~ (hiding).
 12832 | Lair:2   | Reached skill level 3 in Throwing
 12937 | Lair:2   | 12937 ||| INVOKING Heroism.
 12938 | Lair:2   | 12938 ||| INVOKING Finesse.
 12949 | Lair:2   | Received a gift from Okawaru
 13013 | Lair:2   | 13013 ||| READING scroll of enchant armour.
 13013 | Lair:2   | 13013 ||| ENCHANTING +4 plate armour.
 13036 | Lair:2   | 13036 ||| INVOKING Heroism.
 13389 | Lair:2   | 13389 ||| READING scroll labelled OMIMIORI LIHO.
 13390 | Lair:2   | 13390 ||| READING 8 scrolls of identify.
 13390 | Lair:2   | 13390 ||| IDENTIFYING fuming brown potion
 13443 | Lair:3   | 13443 ||| Stepping ~*~*~tactically~*~*~ (stealth).
 13444 | Lair:3   | 13444 ||| Stepping ~*~*~tactically~*~*~ (stealth).
 13456 | Lair:3   | 13456 ||| Stepping ~*~*~tactically~*~*~ (stealth).
 13497 | Lair:3   | 13497 ||| Stepping ~*~*~tactically~*~*~ (stealth).
 13508 | Lair:3   | 13508 ||| Stepping ~*~*~tactically~*~*~ (stealth).
 13512 | Lair:3   | 13512 ||| Stepping ~*~*~tactically~*~*~ (stealth).
 13519 | Lair:3   | 13519 ||| Stepping ~*~*~tactically~*~*~ (stealth).
 13520 | Lair:3   | 13520 ||| Stepping ~*~*~tactically~*~*~ (stealth).
 13624 | Lair:3   | 13624 ||| Stepping ~*~*~tactically~*~*~ (stealth).
 13627 | Lair:3   | 13627 ||| INVOKING Heroism.
 13628 | Lair:3   | 13628 ||| INVOKING Finesse.
 13629 | Lair:3   | 13629 ||| SWAPPING to +0 morningstar.
 13667 | Lair:3   | 13667 ||| SWAPPING to +1 broad axe of freezing.
 13924 | Lair:3   | Reached skill level 14 in Axes
 14069 | Lair:3   | 14069 ||| INVOKING Heroism.
 14183 | Lair:3   | 14183 ||| INVOKING Heroism.
 14184 | Lair:3   | 14184 ||| Stepping ~*~*~tactically~*~*~ (stealth).
 14215 | Lair:3   | Reached skill level 3 in Dodging
 14232 | Lair:3   | Received a gift from Okawaru
 14234 | Lair:3   | 14234 ||| SWAPPING to +2 broad axe of flaming.
 14235 | Lair:3   | 14235 ||| DROPPING +0 morningstar.
 14236 | Lair:3   | 14236 ||| DROPPING +1 broad axe of freezing.
 14416 | Lair:4   | Noticed Urug
 14417 | Lair:4   | 14417 ||| INVOKING Heroism.
 14418 | Lair:4   | 14418 ||| INVOKING Finesse.
 14455 | Lair:4   | Killed Urug
 14526 | Lair:4   | 14526 ||| STAIRDANCE
 14566 | Lair:4   | 14566 ||| STAIRDANCE
 14653 | Lair:4   | 14653 ||| READING scroll of enchant weapon.
 14653 | Lair:4   | 14653 ||| ENCHANTING +2 broad axe of flaming.
 14839 | Lair:4   | 14839 ||| INVOKING Heroism.
 14995 | Lair:4   | 14995 ||| FLEEEEING.
 14996 | Lair:4   | 14996 ||| FLEEEEING.
 14997 | Lair:4   | 14997 ||| FLEEEEING.
 14998 | Lair:4   | 14998 ||| FLEEEEING.
 14999 | Lair:4   | 14999 ||| FLEEEEING.
 15000 | Lair:4   | 15000 ||| FLEEEEING.
 15001 | Lair:4   | 15001 ||| STAIRDANCE
 15103 | Lair:3   | 15103 ||| READING scroll labelled SEAXTUERCHU.
 15103 | Lair:3   | Identified a scroll of acquirement
 15103 | Lair:3   | 15103 ||| ACQUIRING scarf of Oblivion {harm, rF+ Str+2
                  | Slay-2 Stlth+}
 15103 | Lair:3   | Acquired the scarf of Oblivion {harm, rF+ Str+2 Slay-2
                  | Stlth+}
 15107 | Lair:4   | 15107 ||| INVOKING Heroism.
 15116 | Lair:4   | Gained mutation: Your large and strong wings let you fly.
                  | [Gargoyle growth]
 15116 | Lair:4   | Reached XP level 14. HP: 90/90 MP: 19/21
 15363 | Lair:5   | Entered Level 5 of the Lair of Beasts
 15384 | Lair:5   | 15384 ||| INVOKING Heroism.
 15478 | Lair:5   | 15478 ||| INVOKING Heroism.
 15598 | Lair:5   | 15598 ||| READING scroll of brand weapon.
 15598 | Lair:5   | 15598 ||| BRANDING +3 broad axe of flaming.
 15605 | Lair:5   | 15605 ||| INVOKING Heroism.
 15606 | Lair:5   | 15606 ||| INVOKING Finesse.
 15628 | Lair:5   | Reached skill level 6 in Throwing
 15667 | Lair:5   | 15667 ||| Stepping ~*~*~tactically~*~*~ (stealth).
 15671 | Lair:5   | 15671 ||| Stepping ~*~*~tactically~*~*~ (stealth).
 15672 | Lair:5   | 15672 ||| Stepping ~*~*~tactically~*~*~ (stealth).
 15673 | Lair:5   | 15673 ||| Stepping ~*~*~tactically~*~*~ (stealth).
 15675 | Lair:5   | 15675 ||| Stepping ~*~*~tactically~*~*~ (stealth).
 15677 | Lair:5   | 15677 ||| Stepping ~*~*~tactically~*~*~ (stealth).
 15678 | Lair:5   | 15678 ||| Stepping ~*~*~tactically~*~*~ (stealth).
 15681 | Lair:5   | 15681 ||| READING scroll of acquirement.
 15681 | Lair:5   | 15681 ||| ACQUIRING 1185 gold pieces
 15681 | Lair:5   | Acquired 1185 gold pieces
 15779 | Lair:5   | 15779 ||| Stepping ~*~*~tactically~*~*~ (stealth).
 15782 | Lair:5   | 15782 ||| INVOKING Heroism.
 15784 | Lair:5   | 15784 ||| Stepping ~*~*~tactically~*~*~ (stealth).
 15814 | Lair:5   | 15814 ||| INVOKING Finesse.
 15827 | Lair:5   | Reached skill level 15 in Axes
 15907 | Lair:5   | Received a gift from Okawaru
 15909 | Lair:5   | 15909 ||| Stepping ~*~*~tactically~*~*~ (stealth).
 15910 | Lair:5   | 15910 ||| Stepping ~*~*~tactically~*~*~ (stealth).
 15911 | Lair:5   | 15911 ||| Stepping ~*~*~tactically~*~*~ (stealth).
 15926 | Lair:5   | 15926 ||| FLEEEEING.
 15927 | Lair:5   | 15927 ||| FLEEEEING.
 15928 | Lair:5   | 15928 ||| FLEEEEING.
 15937 | Lair:5   | 15937 ||| FLEEEEING.
 15938 | Lair:5   | 15938 ||| FLEEEEING.
 15939 | Lair:5   | 15939 ||| FLEEEEING.
 15940 | Lair:5   | 15940 ||| Stepping ~*~*~tactically~*~*~ (hiding).
 15943 | Lair:5   | 15943 ||| Stepping ~*~*~tactically~*~*~ (hiding).
 15944 | Lair:5   | 15944 ||| Stepping ~*~*~tactically~*~*~ (hiding).
 16001 | Lair:5   | Found a shadowy altar of Dithmenos.
 16026 | Lair:5   | 16026 ||| INVOKING Heroism.
 16161 | Lair:5   | 16161 ||| INVOKING Heroism.
 16282 | Lair:5   | 16282 ||| INVOKING Heroism.
 16316 | Lair:5   | 16316 ||| FLEEEEING.
 16423 | Lair:5   | 16423 ||| Stepping ~*~*~tactically~*~*~ (hiding).
 16434 | Lair:5   | Reached skill level 12 in Fighting
 16439 | Lair:5   | 16439 ||| FLEEEEING.
 16441 | Lair:5   | 16441 ||| FLEEEEING.
 16500 | Lair:5   | 16500 ||| INVOKING Heroism.
 16671 | Lair:5   | 16671 ||| INVOKING Heroism.
 16672 | Lair:5   | Found a staircase to the Slime Pits.
 16948 | Lair:5   | 16948 ||| PLANNING D
 16948 | Lair:5   | 16948 ||| DROPPING +6 ring of dexterity.
 16949 | Lair:5   | 16949 ||| READING scroll labelled BIVUBBAMIV.
 17203 | D:12     | 17203 ||| INVOKING Heroism.
 17264 | D:12     | 17264 ||| Stepping ~*~*~tactically~*~*~ (hiding).
 17303 | D:12     | Received a gift from Okawaru
 17322 | D:12     | 17322 ||| Stepping ~*~*~tactically~*~*~ (stealth).
 17599 | D:12     | 17599 ||| INVOKING Heroism.
 17624 | D:12     | Received a gift from Okawaru
 17651 | D:12     | 17651 ||| Stepping ~*~*~tactically~*~*~ (stealth).
 17780 | D:12     | Reached skill level 16 in Axes
 18058 | D:12     | 18058 ||| Stepping ~*~*~tactically~*~*~ (hiding).
 18060 | D:12     | 18060 ||| Stepping ~*~*~tactically~*~*~ (hiding).
 18090 | D:12     | 18090 ||| READING 9 scrolls of identify.
 18090 | D:12     | 18090 ||| IDENTIFYING puce potion
 18091 | D:12     | 18091 ||| DROPPING potion of ambrosia.
 18145 | D:13     | 18145 ||| Stepping ~*~*~tactically~*~*~ (hiding).
 18284 | D:13     | 18284 ||| Stepping ~*~*~tactically~*~*~ (stealth).
 18285 | D:13     | 18285 ||| Stepping ~*~*~tactically~*~*~ (stealth).
 18287 | D:13     | 18287 ||| Stepping ~*~*~tactically~*~*~ (stealth).
 18289 | D:13     | 18289 ||| INVOKING Heroism.
 18290 | D:13     | 18290 ||| READING 7 scrolls of teleportation.
 18301 | D:13     | 18301 ||| Stepping ~*~*~tactically~*~*~ (stealth).
 18305 | D:13     | Reached XP level 15. HP: 96/96 MP: 22/22
 18306 | D:13     | 18306 ||| Stepping ~*~*~tactically~*~*~ (stealth).
 18309 | D:13     | 18309 ||| Stepping ~*~*~tactically~*~*~ (stealth).
 18314 | D:13     | 18314 ||| READING 6 scrolls of teleportation.
 18315 | D:13     | 18315 ||| INVOKING Heroism.
 18341 | D:13     | 18341 ||| Stepping ~*~*~tactically~*~*~ (stealth).
 18447 | D:13     | Found Dionagg's Jewellery Emporium.
 18451 | D:13     | Noticed Maurice
 18461 | D:13     | Killed Maurice
 18472 | D:13     | 18472 ||| BUYING +4 ring of protection (612 gold).
 18472 | D:13     | Bought a +4 ring of protection for 612 gold pieces
 18472 | D:13     | 18472 ||| BUYING ring "Zakkith" {Fly rC+ rN+} (606 gold).
 18472 | D:13     | Bought the ring "Zakkith" {Fly rC+ rN+} for 606 gold pieces
 18472 | D:13     | 18472 ||| BUYING ring of fire (425 gold).
 18472 | D:13     | Bought a ring of fire for 425 gold pieces
 18513 | D:13     | Found a frozen archway.
 18528 | D:13     | 18528 ||| Stepping ~*~*~tactically~*~*~ (hiding).
 18529 | D:13     | 18529 ||| Stepping ~*~*~tactically~*~*~ (hiding).
 18643 | D:13     | 18643 ||| Stepping ~*~*~tactically~*~*~ (hiding).
 18654 | D:13     | 18654 ||| Stepping ~*~*~tactically~*~*~ (stealth).
 18741 | D:13     | 18741 ||| UPGRADING to +1 buckler of fire resistance.
 18751 | D:13     | 18751 ||| DROPPING +0 buckler.
 18752 | D:13     | 18752 ||| DROPPING +6 ring of strength.
 18801 | D:14     | Reached skill level 12 in Armour
 18833 | D:14     | 18833 ||| Stepping ~*~*~tactically~*~*~ (stealth).
 18857 | D:14     | 18857 ||| INVOKING Heroism.
 18885 | D:14     | 18885 ||| Stepping ~*~*~tactically~*~*~ (hiding).
 18898 | D:14     | Identified the ring "Baffitomn" {AC+4 Str+4}
 19086 | D:14     | Noticed Azrael
 19087 | D:14     | 19087 ||| Stepping ~*~*~tactically~*~*~ (hiding).
 19091 | D:14     | 19091 ||| INVOKING Heroism.
 19092 | D:14     | 19092 ||| INVOKING Finesse.
 19099 | D:14     | Killed Azrael
 19099 | D:14     | Received a gift from Okawaru
 19130 | D:14     | 19130 ||| READING 6 scrolls of teleportation.
 19196 | D:14     | Reached skill level 17 in Axes
 19229 | D:14     | Found a gate to the Vaults.
 19311 | D:14     | Noticed Jorgrun
 19312 | D:14     | 19312 ||| INVOKING Heroism.
 19313 | D:14     | 19313 ||| INVOKING Finesse.
 19324 | D:14     | Killed Jorgrun
 19324 | D:14     | Received a gift from Okawaru
 19565 | D:14     | 19565 ||| Stepping ~*~*~tactically~*~*~ (stealth).
 19567 | D:14     | 19567 ||| Stepping ~*~*~tactically~*~*~ (stealth).
 19573 | D:14     | 19573 ||| INVOKING Heroism.
 19655 | D:14     | 19655 ||| UPGRADING to ring "Baffitomn" {AC+4 Str+4}.
 19657 | D:14     | 19657 ||| DROPPING +4 ring of protection.
 19658 | D:14     | 19658 ||| DROPPING ring of ice.
 19659 | D:14     | 19659 ||| DROPPING ring of fire.
 19714 | D:15     | Entered Level 15 of the Dungeon
 19721 | D:15     | 19721 ||| Stepping ~*~*~tactically~*~*~ (hiding).
 19723 | D:15     | 19723 ||| Stepping ~*~*~tactically~*~*~ (hiding).
 19724 | D:15     | 19724 ||| Stepping ~*~*~tactically~*~*~ (hiding).
 19725 | D:15     | 19725 ||| Stepping ~*~*~tactically~*~*~ (hiding).
 19726 | D:15     | 19726 ||| INVOKING Heroism.
 19797 | D:15     | 19797 ||| INVOKING Heroism.
 19798 | D:15     | 19798 ||| Stepping ~*~*~tactically~*~*~ (stealth).
 19799 | D:15     | 19799 ||| INVOKING Finesse.
 19800 | D:15     | 19800 ||| Stepping ~*~*~tactically~*~*~ (stealth).
 19831 | D:15     | 19831 ||| Stepping ~*~*~tactically~*~*~ (stealth).
 19883 | D:15     | 19883 ||| Stepping ~*~*~tactically~*~*~ (stealth).
 19885 | D:15     | 19885 ||| Stepping ~*~*~tactically~*~*~ (stealth).
 19888 | D:15     | 19888 ||| INVOKING Heroism.
 19890 | D:15     | 19890 ||| Stepping ~*~*~tactically~*~*~ (stealth).
 19910 | D:15     | Received a gift from Okawaru
 20004 | D:15     | 20004 ||| Stepping ~*~*~tactically~*~*~ (hiding).
 20006 | D:15     | 20006 ||| Stepping ~*~*~tactically~*~*~ (hiding).
 20007 | D:15     | 20007 ||| Stepping ~*~*~tactically~*~*~ (hiding).
 20008 | D:15     | 20008 ||| Stepping ~*~*~tactically~*~*~ (hiding).
 20055 | D:15     | 20055 ||| Stepping ~*~*~tactically~*~*~ (hiding).
 20059 | D:15     | 20059 ||| INVOKING Heroism.
 20279 | D:15     | Found a staircase to the Depths.
 20496 | D:15     | 20496 ||| Stepping ~*~*~tactically~*~*~ (hiding).
 20605 | D:15     | 20605 ||| PLANNING ORC
 20744 | Orc:1    | Entered Level 1 of the Orcish Mines
 20746 | Orc:1    | 20746 ||| Stepping ~*~*~tactically~*~*~ (hiding).
 20747 | Orc:1    | 20747 ||| INVOKING Heroism.
 20748 | Orc:1    | Paralysed by an orc sorcerer for 3 turns
 20791 | Orc:1    | 20791 ||| INVOKING Heroism.
 21254 | Orc:2    | Entered Level 2 of the Orcish Mines
 21310 | Orc:2    | 21310 ||| INVOKING Heroism.
 21332 | Orc:2    | Found Teplytes's Weapon Shop.
 21367 | Orc:2    | 21367 ||| Stepping ~*~*~tactically~*~*~ (hiding).
 21472 | Orc:2    | Noticed an orc warlord
 21473 | Orc:2    | 21473 ||| Stepping ~*~*~tactically~*~*~ (hiding).
 21479 | Orc:2    | 21479 ||| INVOKING Heroism.
 21498 | Orc:2    | Killed an orc warlord
 21657 | Orc:2    | Reached XP level 16. HP: 104/104 MP: 23/23
 21690 | Orc:2    | 21690 ||| Stepping ~*~*~tactically~*~*~ (hiding).
 21778 | Orc:2    | Noticed Donald
 21779 | Orc:2    | 21779 ||| INVOKING Heroism.
 21782 | Orc:2    | Killed Donald
 21817 | Orc:2    | Found a staircase to the Elven Halls.
 21886 | Orc:2    | 21886 ||| Stepping ~*~*~tactically~*~*~ (hiding).
 21888 | Orc:2    | 21888 ||| Stepping ~*~*~tactically~*~*~ (hiding).
 21889 | Orc:2    | 21889 ||| Stepping ~*~*~tactically~*~*~ (hiding).
 21902 | Orc:2    | 21902 ||| INVOKING Heroism.
 21934 | Orc:2    | 21934 ||| INVOKING Finesse.
 21941 | Orc:2    | 21941 ||| Stepping ~*~*~tactically~*~*~ (hiding).
 21950 | Orc:2    | 21950 ||| Stepping ~*~*~tactically~*~*~ (hiding).
 21951 | Orc:2    | 21951 ||| Stepping ~*~*~tactically~*~*~ (hiding).
 21955 | Orc:2    | 21955 ||| INVOKING Heroism.
 21969 | Orc:2    | 21969 ||| Stepping ~*~*~tactically~*~*~ (hiding).
 21970 | Orc:2    | 21970 ||| Stepping ~*~*~tactically~*~*~ (hiding).
 21971 | Orc:2    | Paralysed by an orc sorcerer for 2 turns
 22170 | Orc:2    | 22170 ||| INVOKING Heroism.
 22191 | Orc:2    | Found Obemeuh's Book Emporium.
 22227 | Orc:2    | 22227 ||| Stepping ~*~*~tactically~*~*~ (stealth).
 22243 | Orc:2    | 22243 ||| INVOKING Heroism.
 22250 | Orc:2    | Received a gift from Okawaru
 22266 | Orc:2    | Found Waqateuh's Distillery.
 22271 | Orc:2    | 22271 ||| BUYING potion of attraction (36 gold).
 22271 | Orc:2    | Bought a potion of attraction for 36 gold pieces
 22271 | Orc:2    | 22271 ||| BUYING potion of curing (36 gold).
 22271 | Orc:2    | Bought a potion of curing for 36 gold pieces
 22271 | Orc:2    | 22271 ||| BUYING potion of curing (36 gold).
 22271 | Orc:2    | Bought a potion of curing for 36 gold pieces
 22271 | Orc:2    | 22271 ||| BUYING potion of heal wounds (60 gold).
 22271 | Orc:2    | Bought a potion of heal wounds for 60 gold pieces
 22271 | Orc:2    | 22271 ||| BUYING potion of heal wounds (60 gold).
 22271 | Orc:2    | Bought a potion of heal wounds for 60 gold pieces
 22271 | Orc:2    | 22271 ||| BUYING potion of heal wounds (60 gold).
 22271 | Orc:2    | Bought a potion of heal wounds for 60 gold pieces
 22271 | Orc:2    | 22271 ||| BUYING potion of heal wounds (60 gold).
 22271 | Orc:2    | Bought a potion of heal wounds for 60 gold pieces
 22271 | Orc:2    | 22271 ||| BUYING potion of might (48 gold).
 22271 | Orc:2    | Bought a potion of might for 48 gold pieces
 22271 | Orc:2    | 22271 ||| BUYING potion of resistance (120 gold).
 22271 | Orc:2    | Bought a potion of resistance for 120 gold pieces
 22315 | Orc:2    | 22315 ||| Stepping ~*~*~tactically~*~*~ (stealth).
 22387 | Orc:2    | Found Bishrev's Armour Shoppe.
 22400 | Orc:2    | 22400 ||| INVOKING Heroism.
 22485 | Orc:2    | Found Acoypopugig's General Store.
 22492 | Orc:2    | 22492 ||| BUYING +0 morningstar (48 gold).
 22492 | Orc:2    | Bought a +0 morningstar for 48 gold pieces
 22492 | Orc:2    | 22492 ||| SHOPLISTING +2 kite shield of Soefim Jaack {-Cast
                  | rPois rC++ Will- rCorr} (451 gold, have 449).
 22492 | Orc:2    | 22492 ||| DROPPING +0 flail.
 22578 | Orc:2    | 22578 ||| INVOKING Heroism.
 22587 | Orc:2    | Reached skill level 18 in Axes
 22617 | Orc:2    | 22617 ||| INVOKING Heroism.
 22642 | Orc:2    | Found Aquubixt's Antique Armour Shoppe.
 22645 | Orc:2    | Found Luequ's Antique Weapon Emporium.
 22666 | Orc:2    | 22666 ||| SHOPLISTING +3 pair of gauntlets of War {Slay+5}
                  | (807 gold, have 470).
 22755 | Orc:2    | 22755 ||| PLANNING SWAMP:1-3
 22755 | Orc:2    | 22755 ||| UPGRADING to +0 kite shield of reflection.
 22765 | Orc:2    | 22765 ||| DROPPING +1 buckler of fire resistance.
 22837 | Swamp:1  | Entered Level 1 of the Swamp
 22838 | Swamp:1  | 22838 ||| INVOKING Heroism.
 22841 | Swamp:1  | 22841 ||| SWAPPING to +0 morningstar.
 22843 | Swamp:1  | 22843 ||| SWAPPING to +3 vampiric broad axe.
 22846 | Swamp:1  | 22846 ||| SWAPPING to +0 morningstar.
 22853 | Swamp:1  | 22853 ||| SWAPPING to +3 vampiric broad axe.
 22857 | Swamp:1  | Reached skill level 9 in Shields
 22887 | Swamp:1  | Noticed a fenstrider witch
 22902 | Swamp:1  | Killed a fenstrider witch
 22938 | Swamp:1  | 22938 ||| INVOKING Heroism.
 22942 | Swamp:1  | 22942 ||| SWAPPING to +0 morningstar.
 22946 | Swamp:1  | 22946 ||| SWAPPING to +3 vampiric broad axe.
 22978 | Swamp:1  | Found a transporter.
 22997 | Swamp:1  | Found a transporter.
 23003 | Swamp:1  | 23003 ||| Stepping ~*~*~tactically~*~*~ (hiding).
 23006 | Swamp:1  | 23006 ||| Stepping ~*~*~tactically~*~*~ (hiding).
 23108 | Swamp:1  | 23108 ||| READING scroll of enchant weapon.
 23108 | Swamp:1  | 23108 ||| ENCHANTING +3 vampiric broad axe.
 23147 | Swamp:1  | 23147 ||| Stepping ~*~*~tactically~*~*~ (hiding).
 23148 | Swamp:1  | 23148 ||| Stepping ~*~*~tactically~*~*~ (hiding).
 23149 | Swamp:1  | 23149 ||| Stepping ~*~*~tactically~*~*~ (hiding).
 23308 | Swamp:1  | 23308 ||| SWAPPING to +0 morningstar.
 23315 | Swamp:1  | 23315 ||| INVOKING Heroism.
 23318 | Swamp:1  | 23318 ||| SWAPPING to +4 vampiric broad axe.
 23615 | Swamp:1  | 23615 ||| INVOKING Heroism.
 23720 | Swamp:1  | 23720 ||| READING scroll of enchant armour.
 23720 | Swamp:1  | 23720 ||| ENCHANTING +5 plate armour.
 23921 | Swamp:1  | 23921 ||| DROPPING +0 fire dragon scales.
 23932 | Swamp:2  | 23932 ||| INVOKING Heroism.
 23992 | Swamp:2  | 23992 ||| Stepping ~*~*~tactically~*~*~ (stealth).
 23995 | Swamp:2  | 23995 ||| Stepping ~*~*~tactically~*~*~ (hiding).
 24011 | Swamp:2  | You are sucked into a shaft and drop 1 floor!
 24014 | Swamp:3  | 24014 ||| INVOKING Heroism.
 24017 | Swamp:3  | 24017 ||| Stepping ~*~*~tactically~*~*~ (hiding).
 24018 | Swamp:3  | 24018 ||| Stepping ~*~*~tactically~*~*~ (stealth).
 24019 | Swamp:3  | 24019 ||| SWAPPING to +0 morningstar.
 24024 | Swamp:3  | 24024 ||| SWAPPING to +4 vampiric broad axe.
 24045 | Swamp:2  | 24045 ||| SWAPPING to +0 morningstar.
 24052 | Swamp:2  | 24052 ||| SWAPPING to +4 vampiric broad axe.
 24083 | Swamp:2  | Noticed a thorn hunter
 24084 | Swamp:2  | 24084 ||| Stepping ~*~*~tactically~*~*~ (hiding).
 24088 | Swamp:2  | 24088 ||| INVOKING Heroism.
 24095 | Swamp:2  | Killed a thorn hunter
 24096 | Swamp:2  | Reached skill level 12 in Shields
 24168 | Swamp:2  | Identified the +0 ring mail of Grace {rF+ Regen+ MP+9
                  | Stlth+}
 24185 | Swamp:2  | 24185 ||| INVOKING Heroism.
 24211 | Swamp:2  | 24211 ||| SWAPPING to +0 morningstar.
 24218 | Swamp:2  | Received a gift from Okawaru
 24219 | Swamp:2  | 24219 ||| SWAPPING to +4 vampiric broad axe.
 24221 | Swamp:2  | 24221 ||| INVOKING Heroism.
 24394 | Swamp:2  | Noticed a thorn hunter
 24395 | Swamp:2  | 24395 ||| Stepping ~*~*~tactically~*~*~ (hiding).
 24398 | Swamp:2  | 24398 ||| INVOKING Heroism.
 24412 | Swamp:2  | Killed a thorn hunter
 24519 | Swamp:2  | 24519 ||| Stepping ~*~*~tactically~*~*~ (hiding).
 24520 | Swamp:2  | 24520 ||| INVOKING Heroism.
 24662 | Swamp:2  | 24662 ||| UPGRADING to +2 pair of boots.
 24725 | Swamp:3  | 24725 ||| Stepping ~*~*~tactically~*~*~ (hiding).
 24944 | Swamp:3  | Received a gift from Okawaru
 24959 | Swamp:3  | 24959 ||| INVOKING Heroism.
 24964 | Swamp:3  | Reached XP level 17. HP: 69/108 MP: 21/24
 24964 | Swamp:3  | 24964 ||| Stepping ~*~*~tactically~*~*~ (cloud).
 25186 | Swamp:3  | 25186 ||| INVOKING Heroism.
 25194 | Swamp:3  | 25194 ||| SWAPPING to +0 morningstar.
 25203 | Swamp:3  | 25203 ||| SWAPPING to +4 vampiric broad axe.
 25225 | Swamp:3  | Noticed a tentacled monstrosity
 25234 | Swamp:3  | 25234 ||| INVOKING Heroism.
 25242 | Swamp:3  | Killed a tentacled monstrosity
 25489 | Swamp:3  | 25489 ||| Stepping ~*~*~tactically~*~*~ (hiding).
 25503 | Swamp:3  | 25503 ||| INVOKING Heroism.
 25667 | Swamp:3  | 25667 ||| INVOKING Heroism.
 25675 | Swamp:3  | 25675 ||| Stepping ~*~*~tactically~*~*~ (stealth).
 25676 | Swamp:3  | 25676 ||| Stepping ~*~*~tactically~*~*~ (stealth).
 25677 | Swamp:3  | 25677 ||| Stepping ~*~*~tactically~*~*~ (hiding).
 25678 | Swamp:3  | 25678 ||| SWAPPING to +0 morningstar.
 25687 | Swamp:3  | HP: 27/108 [seven-headed hydra[a spriggan druid] (6)]
 25688 | Swamp:3  | 25688 ||| READING 8 scrolls of teleportation.
 25689 | Swamp:3  | 25689 ||| DRINKING 6 potions of heal wounds.
 25691 | Swamp:3  | 25691 ||| SWAPPING to +4 vampiric broad axe.
 25819 | Swamp:3  | 25819 ||| Stepping ~*~*~tactically~*~*~ (hiding).
 25823 | Swamp:3  | 25823 ||| INVOKING Heroism.
 25828 | Swamp:3  | 25828 ||| SWAPPING to +0 morningstar.
 25834 | Swamp:3  | 25834 ||| SWAPPING to +4 vampiric broad axe.
 26125 | Swamp:3  | 26125 ||| PLANNING SNAKE:1-3
 26197 | Snake:1  | Entered Level 1 of the Snake Pit
 26293 | Snake:1  | Found Henkuc's Mayhem Merchandise.
 26298 | Snake:1  | 26298 ||| Stepping ~*~*~tactically~*~*~ (hiding).
 26299 | Snake:1  | 26299 ||| Stepping ~*~*~tactically~*~*~ (hiding).
 26301 | Snake:1  | 26301 ||| Stepping ~*~*~tactically~*~*~ (hiding).
 26302 | Snake:1  | 26302 ||| Stepping ~*~*~tactically~*~*~ (hiding).
 26351 | Snake:1  | 26351 ||| Stepping ~*~*~tactically~*~*~ (hiding).
 26394 | Snake:1  | 26394 ||| Stepping ~*~*~tactically~*~*~ (hiding).
 26395 | Snake:1  | 26395 ||| Stepping ~*~*~tactically~*~*~ (hiding).
 26409 | Snake:1  | 26409 ||| Stepping ~*~*~tactically~*~*~ (stealth).
 26641 | Snake:1  | 26641 ||| Stepping ~*~*~tactically~*~*~ (hiding).
 26643 | Snake:1  | 26643 ||| Stepping ~*~*~tactically~*~*~ (hiding).
 26872 | Snake:1  | 26872 ||| Stepping ~*~*~tactically~*~*~ (hiding).
 26876 | Snake:1  | 26876 ||| Stepping ~*~*~tactically~*~*~ (hiding).
 26878 | Snake:1  | 26878 ||| Stepping ~*~*~tactically~*~*~ (hiding).
 26896 | Snake:1  | 26896 ||| INVOKING Heroism.
 26899 | Snake:1  | 26899 ||| Stepping ~*~*~tactically~*~*~ (hiding).
 27112 | Snake:2  | 27112 ||| INVOKING Heroism.
 27215 | Snake:2  | Identified the +5 chain mail of Lethargy {Str-4 Int+2
                  | Stlth+}
 27261 | Snake:2  | 27261 ||| Stepping ~*~*~tactically~*~*~ (hiding).
 27265 | Snake:2  | 27265 ||| Stepping ~*~*~tactically~*~*~ (hiding).
 27267 | Snake:2  | 27267 ||| Stepping ~*~*~tactically~*~*~ (hiding).
 27488 | Snake:2  | 27488 ||| Stepping ~*~*~tactically~*~*~ (hiding).
 27489 | Snake:2  | 27489 ||| Stepping ~*~*~tactically~*~*~ (hiding).
 27683 | Snake:2  | You are sucked into a shaft and drop 1 floor!
 27753 | Snake:3  | 27753 ||| Stepping ~*~*~tactically~*~*~ (stealth).
 27807 | Snake:3  | 27807 ||| Stepping ~*~*~tactically~*~*~ (hiding).
 27900 | Snake:3  | 27900 ||| INVOKING Heroism.
 27924 | Snake:3  | Received a gift from Okawaru
 28124 | Snake:3  | 28124 ||| Stepping ~*~*~tactically~*~*~ (stealth).
 28126 | Snake:3  | 28126 ||| Stepping ~*~*~tactically~*~*~ (hiding).
 28127 | Snake:3  | 28127 ||| Stepping ~*~*~tactically~*~*~ (hiding).
 28190 | Snake:3  | 28190 ||| UPGRADING to +0 tower shield.
 28200 | Snake:3  | 28200 ||| DROPPING +0 kite shield of reflection.
 28281 | Snake:2  | 28281 ||| READING scroll of acquirement.
 28281 | Snake:2  | 28281 ||| ACQUIRING +0 mask of the Dragon {Will+ Slay+3
                  | SInv}
 28281 | Snake:2  | Acquired the +0 mask of the Dragon {Will+ Slay+3 SInv}
 28281 | Snake:2  | Found the +0 mask of the Dragon {Will+ Slay+3 SInv}
 28283 | Snake:2  | 28283 ||| UPGRADING to +0 mask of the Dragon {Will+ Slay+3
                  | SInv}.
 28296 | Snake:2  | 28296 ||| UPGRADING to ring "Zakkith" {Fly rC+ rN+}.
 28298 | Snake:2  | 28298 ||| UPGRADING to +5 ring of evasion.
 28389 | Snake:3  | 28389 ||| Stepping ~*~*~tactically~*~*~ (hiding).
 28406 | Snake:3  | 28406 ||| INVOKING Heroism.
 28417 | Snake:3  | 28417 ||| Stepping ~*~*~tactically~*~*~ (hiding).
 28433 | Snake:3  | 28433 ||| INVOKING Heroism.
 28473 | Snake:3  | Found a burning altar of Makhleb.
 28486 | Snake:3  | 28486 ||| Stepping ~*~*~tactically~*~*~ (hiding).
 28488 | Snake:3  | 28488 ||| Stepping ~*~*~tactically~*~*~ (hiding).
 28596 | Snake:3  | 28596 ||| Stepping ~*~*~tactically~*~*~ (stealth).
 28597 | Snake:3  | 28597 ||| Stepping ~*~*~tactically~*~*~ (stealth).
 28598 | Snake:3  | 28598 ||| Stepping ~*~*~tactically~*~*~ (stealth).
 28609 | Snake:3  | Received a gift from Okawaru
 28653 | Snake:3  | 28653 ||| Stepping ~*~*~tactically~*~*~ (hiding).
 28654 | Snake:3  | 28654 ||| Stepping ~*~*~tactically~*~*~ (hiding).
 28666 | Snake:3  | Reached XP level 18. HP: 113/114 MP: 25/25
 28667 | Snake:3  | 28667 ||| INVOKING Heroism.
 28677 | Snake:3  | Reached skill level 15 in Shields
 28797 | Snake:3  | 28797 ||| DROPPING +0 morningstar.
 28815 | Snake:3  | 28815 ||| Stepping ~*~*~tactically~*~*~ (stealth).
 28818 | Snake:3  | 28818 ||| Stepping ~*~*~tactically~*~*~ (stealth).
 28822 | Snake:3  | 28822 ||| Stepping ~*~*~tactically~*~*~ (hiding).
 28859 | Snake:3  | 28859 ||| Stepping ~*~*~tactically~*~*~ (hiding).
 28916 | Snake:3  | 28916 ||| Stepping ~*~*~tactically~*~*~ (hiding).
 28917 | Snake:3  | 28917 ||| Stepping ~*~*~tactically~*~*~ (hiding).
 29103 | Snake:3  | 29103 ||| PLANNING SWAMP:4
 29237 | Swamp:4  | Entered Level 4 of the Swamp
 29317 | Swamp:4  | 29317 ||| Stepping ~*~*~tactically~*~*~ (hiding).
 29469 | Swamp:4  | 29469 ||| INVOKING Heroism.
 29470 | Swamp:4  | 29470 ||| INVOKING Finesse.
 29585 | Swamp:4  | 29585 ||| Stepping ~*~*~tactically~*~*~ (hiding).
 29588 | Swamp:4  | 29588 ||| Stepping ~*~*~tactically~*~*~ (hiding).
 29599 | Swamp:4  | 29599 ||| Stepping ~*~*~tactically~*~*~ (cloud).
 29600 | Swamp:4  | 29600 ||| STAIRDANCE
 29659 | Swamp:4  | 29659 ||| Stepping ~*~*~tactically~*~*~ (stealth).
 29690 | Swamp:4  | 29690 ||| Stepping ~*~*~tactically~*~*~ (stealth).
 29730 | Swamp:4  | 29730 ||| INVOKING Heroism.
 29735 | Swamp:4  | 29735 ||| Stepping ~*~*~tactically~*~*~ (cloud).
 29746 | Swamp:4  | Noticed Aizul
 29759 | Swamp:4  | Killed Aizul
 29797 | Swamp:4  | 29797 ||| Stepping ~*~*~tactically~*~*~ (stealth).
 29800 | Swamp:4  | 29800 ||| Stepping ~*~*~tactically~*~*~ (hiding).
 29857 | Swamp:4  | 29857 ||| Stepping ~*~*~tactically~*~*~ (hiding).
 29938 | Swamp:4  | 29938 ||| INVOKING Heroism.
 30152 | Swamp:4  | 30152 ||| INVOKING Heroism.
 30162 | Swamp:4  | Received a gift from Okawaru
 30175 | Swamp:4  | 30175 ||| Stepping ~*~*~tactically~*~*~ (cloud).
 30182 | Swamp:4  | 30182 ||| Stepping ~*~*~tactically~*~*~ (stealth).
 30186 | Swamp:4  | 30186 ||| INVOKING Heroism.
 30227 | Swamp:4  | 30227 ||| Stepping ~*~*~tactically~*~*~ (cloud).
 30248 | Swamp:4  | 30248 ||| Stepping ~*~*~tactically~*~*~ (cloud).
 30261 | Swamp:4  | 30261 ||| Stepping ~*~*~tactically~*~*~ (stealth).
 30262 | Swamp:4  | 30262 ||| Stepping ~*~*~tactically~*~*~ (stealth).
 30271 | Swamp:4  | 30271 ||| Stepping ~*~*~tactically~*~*~ (stealth).
 30274 | Swamp:4  | 30274 ||| Stepping ~*~*~tactically~*~*~ (stealth).
 30277 | Swamp:4  | 30277 ||| Stepping ~*~*~tactically~*~*~ (stealth).
 30290 | Swamp:4  | 30290 ||| Stepping ~*~*~tactically~*~*~ (stealth).
 30306 | Swamp:4  | 30306 ||| INVOKING Heroism.
 30306 | Swamp:4  | HP: 1/117 [five-headed hydra simulacrum (33)]
 30307 | Swamp:4  | 30307 ||| READING 8 scrolls of teleportation.
 30308 | Swamp:4  | 30308 ||| DRINKING 6 potions of heal wounds.
 30309 | Swamp:4  | 30309 ||| DRINKING 5 potions of heal wounds.
 30309 | Swamp:4  | Annihilated by a five-headed hydra simulacrum

Levels and vault maps discovered:
D:1:      dpeg_arrival_round_b, layout_rooms, serial_shops,
          nicolae_shop_peninsula, minmay_misc_feat_five, chequers_big_river
D:2:      layout_loops_corners, shapermc_ecumenical_altar_flowoftime,
          minivault_11, uniq_natasha, uniq_jessica
D:3:      layout_loops_ring, serial_shops, nicolae_shop_stone
D:4:      layout_basic, nicolae_qazlal_general_emergency,
          minmay_temple_entry_nine_rooms, eino_small_chamber_without_monster,
          hangedman_decor_diamond_cutter
D:5:      layout_basic, overflow_temple_1_default, mainiacjoe_overflow_alcove_2,
          kennysheep_doodads, uniq_crazy_yiuf_cottage, uniq_sigmund
D:6:      layout_loops_ring, mainiacjoe_overflow_large_starburst,
          nicolae_ossuary_entry_plus, minmay_misc_feat_pillars
D:7:      wander_guarded_unrand_ratskin, layout_rooms, serial_shops, shop
D:8:      layout_basic
D:9:      layout_basic, overflow_temple_1_default, bloody_makhleb,
          nicolae_uskayaw_dance_studio, serial_shops, shop, st_stairs_8
D:10:     layout_rooms, nemelex_diamond_rough_becter,
          nicolae_ru_great_annihilating_truth
D:11:     regret_index_combs_of_tragedy, layout_cave_pods, dpeg_lair_monsters,
          orc_0_dummy, nicolae_transmutations_shop, nrook_mini_backslash,
          hangedman_decor_opposing, nicolae_ashenzari_panopticon, uniq_fannar
D:12:     layout_basic, serial_undead, serial_undead_e, serial_undead_e,
          serial_undead_c, serial_undead_b, serial_undead_c, serial_undead_b
D:13:     layout_rooms, serial_shops, shop, portal_ice_cave_entry_imps,
          uniq_maurice
D:14:     layout_roguey, lightli_vaults_fourway_checkpoint,
          minmay_misc_feat_nine_boxes, uniq_jorgrun, uniq_azrael
D:15:     grunt_enter_depths_hoard, layout_rooms, minmay_misc_feat_ornament
Temple:   nicolae_temple_hex_pool
Lair:1:   layout_regular_city, gauntlet_entry_generic,
          chequers_serial_rivers_micro_b
Lair:2:   layout_regular_city, skrybe_swamp_entry_bodies, dummy_snake_entry
Lair:3:   layout_loops_ring, hangedman_lair_generics_rect
Lair:4:   layout_hall_layers, uniq_urug
Lair:5:   wormcave, layout_regular_city, guppyfry_lair_end_dragon,
          minmay_slime_entry_oklob_enclosed, basic_altar,
          chequers_serial_rivers_large_b, lemuel_fruit_tree,
          infiniplex_staircase_pool_2
Swamp:1:  gammafunk_worm_tunnel, layout_basic_swamp,
          evilmike_swamp_ruin_rubble_2, infiniplex_staircase_pool
Swamp:2:  cheibrodos_swamp_tower_of_moss, layout_basic_swamp,
          evilmike_swamp_ruin_house_2
Swamp:3:  nicolae_swamp_ascending_descending_big, layout_basic_swamp,
          evilmike_swamp_ruin_house_5, nicolae_swamp_vermiculated
Swamp:4:  swamp_icy, layout_basic_swamp, swamp_pool3, nzn_swamp_blast_mining,
          uniq_aizul
Snake:1:  cheibrodos_snake_ritualist_ritual, layout_misc_corridors,
          minmay_shop_mayhem
Snake:2:  layout_layer_cave
Snake:3:  layout_misc_corridors, basic_altar, grunt_ministairs_6,
          nicolae_snake_salamander_stairs
Orc:1:    layout_caves
Orc:2:    grunt_orc_community_town_hall, layout_diamond_mine,
          grunt_orc_community_big_house_2, grunt_orc_community_big_house_2,
          grunt_orc_community_house_2, grunt_orc_community_house_1,
          grunt_orc_community_house_3, grunt_orc_community_house_3,
          grunt_orc_community_house_1, grunt_orc_community_house_1,
          serial_shops, nicolae_shop_real_fake_doors, shop, shop,
          minmay_orc_temple_b, uniq_donald

Skill      XL: |  1  2  3  4  5  6  7  8  9 10 11 12 13 14 15 16 17 18 |
---------------+-------------------------------------------------------+-----
Axes           | 2 3 4 5 6 7 8 10 12 13 14 16 17 18 | 18.0
Dodging        | 1 2 3 4 5 |  5.0
Fighting       | 4 5 7 8 9 10 11 12 13 14 | 14.6
Throwing       | 1 2 5 6 7 |  7.0
Invocations    | 1 4 5 10 | 10.0
Armour         | 4 5 8 9 10 11 12 14 | 14.0
Shields        | 4 5 6 7 8 13 14 16 | 16.4

Action                     |  1- 3 |  4- 6 |  7- 9 | 10-12 | 13-15 | 16-18 || total
---------------------------+-------+-------+-------+-------+-------+-------++-------
  Melee: War axe           |    96 |   182 |   306 |   381 |       |       ||   965
         Broad axe         |       |       |       |   278 |  1161 |  1289 ||  2728
         Morningstar       |       |       |       |     5 |    37 |    58 ||   100
  Throw: Boomerang         |       |    12 |    56 |   102 |    49 |    39 ||   258
         Javelin           |       |       |       |       |   163 |   143 ||   306
 Invoke: Heroism           |       |       |    10 |    24 |    33 |    37 ||   104
         Finesse           |       |       |       |     1 |     8 |     2 ||    11
    Use: Scroll            |     3 |     7 |    16 |     8 |    13 |     5 ||    52
         Potion            |       |     1 |     2 |     1 |       |     3 ||     7
   Stab: Distracted        |       |       |     1 |       |       |       ||     1
         Confused          |       |       |       |       |     2 |     7 ||     9
 Armour: Scale mail        |    12 |       |       |       |       |       ||    12
         Chain mail        |    43 |    65 |   100 |       |       |       ||   208
         Plate armour      |       |       |       |   353 |   538 |   750 ||  1641
  Dodge: Dodged            |    55 |    71 |   121 |   325 |   444 |   395 ||  1411
  Block: Buckler           |    31 |    47 |   110 |   405 |   545 |    97 ||  1235
         Reflection        |       |       |     4 |    15 |    18 |    71 ||   108
         Kite shield       |       |       |       |       |       |   730 ||   730
         Tower shield      |       |       |       |       |       |   312 ||   312

Table legend:
 A = Non-vault XP
 B = Vault XP
 C = Vault XP percentage of total XP
 D = Non-vault monster count
 E = Vault monster count
 F = Vault count percentage of total count
                 A         B        C        D         E       F
            +---------+---------+-------+---------+---------+-------
      Total |  197311 |   69090 |  25.9 |     731 |     316 |  30.2
            +---------+---------+-------+---------+---------+-------
        D:1 |      61 |       0 |   0.0 |      35 |       0 |   0.0
        D:2 |     144 |      72 |  33.3 |      21 |       2 |   8.7
        D:3 |      66 |       0 |   0.0 |      21 |       0 |   0.0
        D:4 |     313 |       0 |   0.0 |      23 |       0 |   0.0
        D:5 |     220 |     210 |  48.8 |      12 |       1 |   7.7
        D:6 |     646 |       0 |   0.0 |      22 |       0 |   0.0
        D:7 |    1369 |     315 |  18.7 |      21 |      22 |  51.2
        D:8 |    1827 |       0 |   0.0 |      18 |       0 |   0.0
        D:9 |    2326 |     815 |  25.9 |      20 |       7 |  25.9
       D:10 |    1966 |      41 |   2.0 |      17 |       4 |  19.0
       D:11 |    1892 |   11301 |  85.7 |      18 |      58 |  76.3
       D:12 |    5818 |    3308 |  36.2 |      35 |      10 |  22.2
       D:13 |    6090 |     601 |   9.0 |      27 |      13 |  32.5
       D:14 |   13233 |    9760 |  42.4 |      29 |      20 |  40.8
       D:15 |    6366 |    1726 |  21.3 |      16 |       2 |  11.1
     Lair:1 |    4809 |       0 |   0.0 |      14 |       0 |   0.0
     Lair:2 |    7339 |    1358 |  15.6 |      23 |       2 |   8.0
     Lair:3 |    6466 |    3217 |  33.2 |      19 |       6 |  24.0
     Lair:4 |    7381 |     794 |   9.7 |      28 |       1 |   3.4
     Lair:5 |   16160 |    4920 |  23.3 |      35 |      16 |  31.4
    Swamp:1 |   14196 |       0 |   0.0 |      24 |       0 |   0.0
    Swamp:2 |   14029 |    1422 |   9.2 |      33 |       1 |   2.9
    Swamp:3 |   16288 |    4681 |  22.3 |      22 |      15 |  40.5
    Swamp:4 |   10235 |    7043 |  40.8 |      19 |      29 |  60.4
    Snake:1 |   11256 |    2295 |  16.9 |      24 |       5 |  17.2
    Snake:2 |    6675 |       0 |   0.0 |      14 |       0 |   0.0
    Snake:3 |   28556 |    4788 |  14.4 |      55 |       7 |  11.3
      Orc:1 |    2873 |       0 |   0.0 |      30 |       0 |   0.0
      Orc:2 |    8711 |   10423 |  54.5 |      56 |      95 |  62.9
            +---------+---------+-------+---------+---------+-------
